Map: Lost and Found LE

Players

Mackintac

  • Race: Zerg Zerg
  • Spawn Location: 7:00

Future - Winner!

  • Race: Terran Terran
  • Spawn Location: 1:00

Event: WCS Austin 2018

VOD

Have the link to the VOD?

Description

Time

  • Played on: June 1, 2018, 3:33 p.m.
  • Length: 8:08

All games in this series

Show
View Real Time Build Order
Export as new Build Order

Mackintac Zerg 

Build Orders: Hatch First, Ravager All-In 

Get SALT Encoding   

  12  0:07  Drone  
  12  0:13  Overlord  
  13  0:17  Drone  
  14  0:32  Drone x2  
  16  0:39  Drone  
  17  0:52  Hatchery  
  17  0:55  Drone  
  17  0:58  Extractor  
  17  1:01  Drone  
  17  1:15  Spawning Pool  
  17  1:17  Drone  
  17  1:23  Drone  
  18  1:33  Drone  
  19  1:44  Overlord  
  19  2:06  Queen x2  
  19  2:07  Zergling x2  
  19  2:08  Zergling x2  
  25  2:11  Metabolic Boost  
  25  2:13  Drone  
  26  2:16  Drone  
  26  2:17  Drone  
  28  2:26  Drone  
  29  2:32  Spore Crawler  
  29  2:33  Drone  
  29  2:37  Drone  
  29  2:41  Roach Warren  
  30  2:45  Drone  
  31  2:53  Extractor  
  30  3:02  Drone x2  
  30  3:03  Overlord, Drone  
  33  3:18  Overlord  
  33  3:27  Roach x5  
  43  3:39  Roach x2  
  43  3:40  Overlord  
  47  3:47  Overlord  
  47  3:48  Zergling x4  
  47  3:49  Zergling x6  
  52  4:01  Zergling x6  
  52  4:02  Zergling x2  
  55  4:14  Zergling x2  
  55  4:15  Zergling x4  
  57  4:22  Ravager x3  
  57  4:23  Ravager  
  57  4:24  Zergling x8  
  63  4:26  Ravager  
  66  4:46  Drone x3  
  66  4:47  Zergling x2  
  67  4:58  Overlord  
  67  5:08  Hatchery  
  66  5:14  Overlord  
  66  5:16  Overlord  
  66  5:32  Queen x2  
  70  5:41  Drone x6  
  70  5:42  Drone x2  
  78  5:46  Evolution Chamber, Drone x2  
  78  5:47  Evolution Chamber, Drone  
  76  6:02  Roach x4  
  68  6:22  Overlord  
  68  6:27  Overlord  
  68  6:29  Queen x2  
  73  6:32  Drone  
  73  6:33  Drone x2  
  75  6:43  Drone x2  
  75  6:44  Queen  
  79  6:51  Zergling x10  
  79  6:52  Zergling x2  
  79  6:53  Drone  
  75  7:12  Drone x2  
  75  7:13  Drone x5  
  75  7:14  Drone x4  
  86  7:35  Baneling Nest, Drone x3  
  86  7:36  Overlord, Drone x2  
  90  7:39  Overlord  
  90  7:45  Overlord  
  90  7:47  Overlord  
Show
View Real Time Build Order
Export as new Build Order

Future Terran - Winner!

Build Orders: Reaper Expand, MMM Bio 

Get SALT Encoding   

  12  0:03  SCV  
  13  0:15  SCV  
  13  0:19  Supply Depot  
  14  0:27  SCV  
  15  0:41  SCV  
  16  0:42  Barracks  
  16  0:45  Refinery  
  16  0:53  SCV  
  17  1:05  SCV  
  18  1:17  SCV  
  19  1:29  Reaper  
  19  1:30  Orbital Command  
  20  1:41  Command Center  
  20  1:51  Engineering Bay  
  20  1:54  Barracks  
  20  1:58  SCV  
  21  2:03  Barracks Reactor  
  21  2:10  SCV  
  21  2:13  Supply Depot  
  22  2:15  Refinery  
  22  2:22  SCV  
  23  2:29  Factory  
  23  2:35  SCV  
  24  2:41  Marine x2, Barracks Tech Lab  
  26  2:47  SCV  
  27  2:54  Orbital Command  
  27  3:02  Stimpack  
  27  3:04  Marine x2  
  29  3:11  SCV  
  30  3:15  Starport  
  30  3:22  Marine x2  
  30  3:23  Marine  
  30  3:25  Factory Reactor  
  33  3:27  SCV  
  34  3:38  SCV  
  34  3:39  SCV  
  34  3:40  Marine x3  
  38  3:49  Supply Depot  
  38  3:52  SCV  
  38  3:53  SCV  
  40  3:58  Marine x2  
  40  4:01  Marine  
  43  4:05  SCV x2  
  45  4:11  Medivac  
  45  4:13  Medivac  
  45  4:16  Marine x2  
  50  4:18  Supply Depot, SCV  
  50  4:19  SCV  
  50  4:23  Marine  
  53  4:30  SCV  
  54  4:39  Marine  
  54  4:40  Marine  
  54  4:42  Marine  
  53  4:54  Supply Depot  
  53  4:55  Supply Depot x2  
  53  4:56  Supply Depot x2, Factory Tech Lab  
  52  5:11  Combat Shields  
  52  5:16  Marine x3, SCV  
  56  5:24  Supply Depot, Siege Tank  
  59  5:34  Marine x2  
  61  5:37  Marine  
  62  5:50  Orbital Command  
  62  5:52  Marine x2  
  62  5:54  Marine  
  62  5:57  Siege Tank  
  58  6:07  SCV  
  58  6:09  Marine x2  
  61  6:12  Medivac  
  61  6:13  Medivac  
  61  6:15  SCV  
  66  6:19  SCV  
  67  6:26  Marine  
  67  6:27  Marine  
  67  6:28  SCV  
  67  6:31  SCV  
  71  6:33  Marine  
  71  6:39  Engineering Bay  
  72  6:40  Engineering Bay, SCV  
  72  6:43  SCV  
  72  6:44  Marine  
  72  6:46  Marine  
  76  6:47  Supply Depot  
  76  6:51  Marine  
  76  6:52  SCV  
  78  6:54  Siege Tank  
  78  6:55  SCV  
  82  7:02  Marine  
  82  7:04  SCV  
  82  7:07  Marine  
  82  7:08  SCV  
  86  7:09  Marine  
  87  7:16  SCV  
  87  7:20  SCV  
  87  7:21  Command Center, Marine, Supply Depot  
  90  7:25  Marauder  
  90  7:27  Marine  
  90  7:28  SCV  
  94  7:43  Marine  
  98  7:45  Marine  
  98  7:47  Supply Depot  
  99  7:51  Supply Depot  
  99  7:52  SCV x2  
  99  7:53  Supply Depot  
Tags
 
Add a new tag
Caveats
  • Supply blocks, unpowered buildings, or Contaminate may cause inaccurate times.
  • Supply counts are checked every 10 seconds.